 Dungeon Sprint DCSS version 0.30-a0-2-gf48d83f5e2 (webtiles) character file.

Game seed: 5844707955346921279

2055 enile the Warrior (level 9, -1/145 HPs)
             Began as a Minotaur Fighter on Aug 20, 2022.
             Was a High Priest of Uskayaw.
             Slain by a fire elemental (5 damage)
             ... summoned by a deep elf pyromancer
             ... in the Dungeon (Sprint V: "Ziggurat Sprint").
             The game lasted 00:03:34 (361 turns).

enile the Warrior (Minotaur Fighter)                 Turns: 361, Time: 00:03:34

Health: -1/145     AC: 28    Str: 31    XL:     9   Next: 5%
Magic:  8/8        EV:  9    Int:  2    God:    Uskayaw [*****.]
Gold:   0          SH:  0    Dex: 10    Spells: 8/8 levels left

rFire   . . .      SeeInvis .    P - +7 lajatang of Order {silver, rMut}
rCold   . . .      Faith    .    (shield currently unavailable)
rNeg    . . .      Spirit   .    I - +5 crystal plate armour
rPois   .          Reflect  .    (helmet restricted)
rElec   .          Harm     .    (no cloak)
rCorr   .          Rampage  .    (no gloves)
rMut    +          Rage     50%  (no boots)
Will    ++...      NoTele   +    Q - necklace of Bloodlust {*Rage Will++ Int-3 Slay+6}
Stlth   ..........               x - +6 ring of strength
HPRegen 0.34/turn                (no ring)
MPRegen 0.11/turn

@: berserking (expiring), very quick
A: horns 2, retaliatory headbutt
a: Renounce Religion, Stomp, Line Pass, Grand Finale


You were in the Dungeon.
You worshipped Uskayaw.
Uskayaw was noncommittal.
You visited 1 branch

Inventory:

Hand Weapons
 a - a +0 war axe
 C - the +7 Singing Sword {vorpal, sonic wave}
   (You found it in the Dungeon)

   It inflicts extra damage upon your enemies.
   It radiates damaging sonic waves as it strikes, especially in combat
   involving dangerous or numerous foes.
 D - the +7 great mace "Firestarter" {inner flame, rF++}
   (You found it in the Dungeon)

   It burns those it strikes, dealing additional fire damage.
   It fills those it strikes with an explosive inner flame.
   It grants immunity to clouds of flame.
   rF:        It greatly protects you from fire.
 E - the +7 mace of Variability {chain chaos}
   (You found it in the Dungeon)

   Each time it hits an enemy it has a different, random effect.
   It occasionally unleashes arcs of chaos on nearby creatures upon striking a
   foe.
 F - the +11 plutonium sword {Contam Stlth-}
   (You found it in the Dungeon)

   It occasionally inflicts wild transmutation effects on those it strikes,
   inflicting malmutation or extra damage, or polymorphing them into a new form.
   Contam:    It causes magical contamination when unequipped.
   Stlth:     It makes you less stealthy.
 G - the +8 storm bow {elec, penet}
   (You found it in the Dungeon)

   Any ammunition fired from it occasionally discharges a powerful burst of
   electricity upon striking a foe.
   Any ammunition fired by it passes through the targets it hits, potentially
   hitting all targets in its path until it reaches maximum range.
 N - a +5 broad axe
 O - a +5 executioner's axe of draining
 P - the +7 lajatang of Order (weapon) {silver, rMut}
   (You found it in the Dungeon)

   It inflicts extra damage upon those it strikes, and deals substantially
   increased damage to chaotic, mutated and magically transformed beings.
   rMut:      It protects you from mutation.
Armour
 b - a +0 scale mail
 c - a +0 buckler
 B - the +18 shield of the Gong {rElec rN+ Will+ EV-5}
   (You found it in the Dungeon)

   It is deafeningly noisy when blocking attacks.
   EV:        It affects your evasion (-5).
   rElec:     It insulates you from electricity.
   rN:        It protects you from negative energy.
   Will:      It increases your willpower.
 H - the +15 Maxwell's patent armour {-Cast -Tele rElec Will+ rCorr}
   (You found it in the Dungeon)

   rElec:     It insulates you from electricity.
   -Cast:     It prevents spellcasting.
   -Tele:     It prevents most forms of teleportation.
   rCorr:     It protects you from acid and corrosion.
   Will:      It increases your willpower.
 I - a +5 crystal plate armour (worn)
 J - +5 gold dragon scales
 L - a +3 kite shield
 M - a +3 tower shield
Jewellery
 n - the amulet of Bodily Harmony {Faith Regen+}
   (You found it in the Dungeon)

   [amulet of faith]

   It allows you to gain divine favour quickly.
   Regen:     It increases your rate of health regeneration.
 s - a ring of flight
 t - a +6 ring of dexterity
 u - a +6 ring of dexterity
 v - a +6 ring of intelligence
 w - a +6 ring of intelligence
 x - a +6 ring of strength (left hand)
 y - a +6 ring of strength
 Q - the necklace of Bloodlust (around neck) {*Rage Will++ Int-3 Slay+6}
   (You found it in the Dungeon)

   [amulet of nothing]

   It extends the wearer's berserk rage when killing foes.
   Int:       It affects your intelligence (-3).
   Slay:      It affects your accuracy & damage with ranged weapons and melee
   (+6).
   *Rage:     It berserks you when you make melee attacks (+50% chance).
   Will:      It greatly increases your willpower.
 R - the ring of Upsukkea {rF+ rC+ Will+ Str-4 Stlth+}
   (You found it in the Dungeon)

   [ring of protection from fire]

   Str:       It affects your strength (-4).
   rF:        It protects you from fire.
   rC:        It protects you from cold.
   Will:      It increases your willpower.
   Stlth:     It makes you more stealthy.
Wands
 z - a wand of mindburst (7)
 A - a wand of quicksilver (7)
Scrolls
 j - 4 scrolls of blinking
 o - 4 scrolls of amnesia
 p - 7 scrolls of fog
 q - 5 scrolls of identify
 r - 2 scrolls of fear
Potions
 d - 6 potions of might
 e - 10 potions of curing
 f - 10 potions of heal wounds
 g - 10 potions of haste
 h - 7 potions of magic
 i - 3 potions of berserk rage
 k - 2 potions of brilliance
 l - 2 potions of invisibility
 m - 4 potions of resistance
Miscellaneous
 K - a lightning rod (4/4)


   Skills:
 - Level 15.0 Fighting
 - Level 5.1 Axes
 + Level 14.1 Armour
 - Level 10.0 Dodging
 - Level 5.8 Shields
 - Level 4.5 Evocations


You had 8 spell levels left.
You didn't know any spells.
Your spell library contained the following spells:

 Spells                   Type           Power      Damage    Failure   Level
 Necrotise                Necr           0%         1d4       100%        1
 Ensorcelled Hibernation  Hex/Ice        0%         N/A       100%        2
 Passwall                 Tmut/Erth      0%         N/A       100%        2
 Stone Arrow              Conj/Erth      0%         3d7       100%        3
 Swiftness                Air            0%         N/A       100%        3
 Vampiric Draining        Necr           0%         2d6       100%        3
 Animate Armour           Summ/Erth      0%         N/A       100%        4
 Agony                    Necr           0%         N/A       100%        5
 Alistair's Intoxication  Tmut/Pois      0%         N/A       100%        5
 Borgnjor's Vile Clutch   Necr/Erth      0%         N/A       100%        5
 Eringya's Noxious Bog    Tmut/Pois      0%         N/A       100%        6
 Lehudib's Crystal Spear  Conj/Erth      0%         10d2      100%        8


Dungeon Overview and Level Annotations

Branches:
Dungeon (1/1)

Altars:
Ashenzari
Cheibriados
Dithmenos
Elyvilon
Fedhas
Gozag
Hepliaklqana
Kikubaaqudgha
Makhleb
Nemelex Xobeh
Okawaru
Qazlal
Ru
Sif Muna
Trog
Uskayaw
Vehumet
Wu Jian
Xom
Yredelemnul
Zin
The Shining One
Jiyva
Lugonu


Innate Abilities, Weirdness & Mutations

You have a pair of horns on your head.
You reflexively headbutt those who attack you in melee.


Message History

The deep elf zephyrmancer blinks!
The deep elf pyromancer casts a spell.
The deep elf pyromancer blinks!
Something hits you but does no damage. The fire elemental hits you.
The fire elemental burns you!
* * * LOW HITPOINT WARNING * * *
The deep elf pyromancer mumbles some strange words.
You can now merge with and destroy a victim.
You are covered in liquid flames!
* * * LOW HITPOINT WARNING * * *
The fire elemental hits you. The fire elemental burns you!
* * * LOW HITPOINT WARNING * * *
The fire elemental hits you.
Uskayaw prepares the audience for your solo!
You feel a strong urge to attack something.
You are covered in liquid flames!
* * * LOW HITPOINT WARNING * * *
The fire elemental is no longer paralysed. x4
The deep elf zephyrmancer is no longer paralysed.
The deep elf pyromancer is no longer paralysed.
You hear some strange, mumbled words.
A shard of ice appears from out of thin air!
The shard of ice hits you!
* * * LOW HITPOINT WARNING * * *
The fire elemental hits you. The fire elemental burns you!
* * * LOW HITPOINT WARNING * * *
You are covered in liquid flames!
The fire elemental misses you.
You are too berserk!
You are too berserk!
You hit the fire elemental but do no damage.
The fire elemental is lightly damaged.
The fire elemental closely misses you. You furiously retaliate!
You headbutt the fire elemental! The fire elemental hits you.
You hear some strange, mumbled words.
The deep elf zephyrmancer gestures wildly while chanting.
The deep elf zephyrmancer blinks!
You completely miss the fire elemental. You headbutt the fire elemental!!
The fire elemental is severely damaged.
The fire elemental hits you. x2; The fire elemental burns you!
You die...

▓..}:}..▓
▓○.[)"..▓
▓☼°.e...▓
▓°○.°...▓
▓E§°....▓
▓E.○....▓
▓E▓E○.▓.▓
▓@EE{e..▓
▓▓▓▓▓▓▓▓▓


You could see a deep elf pyromancer, a deep elf zephyrmancer and 6 fire
elementals.

Vanquished Creatures
  A deep elf pyromancer (D)
  2 ugly things (D)
  A slime creature (D)
  An air elemental (D)
  A water moccasin (D)
  A water moccasin (shapeshifter) (D)
  A tengu (shapeshifter) (D)
  2 jellies (D)
  An orc wizard (D)
  2 iguanas (D)
  A river rat (D)
  4 orcs (D)
  A ball python (D)
  An endoplasm (D)
20 creatures vanquished.

Notes
Turn   | Place    | Note
-------+----------+-------------------------------------------
     0 | D        | enile the Minotaur Fighter began the quest for the Orb.
     0 | D        | Reached XP level 1. HP: 19/19 MP: 0/0
     0 | D        | Found a shimmering blue altar of Sif Muna.
     0 | D        | Found a sacrificial altar of Ru.
     0 | D        | Found a bloodstained altar of Trog.
     0 | D        | Found a stormy altar of Qazlal.
     0 | D        | Found an iron altar of Okawaru.
     0 | D        | Found a sparkling altar of Nemelex Xobeh.
     0 | D        | Found a blossoming altar of Fedhas.
     0 | D        | Found the +6 Majin-Bo {vamp, MP+6 Int+6}
     0 | D        | Found the +9 heavy crossbow "Sniper" {vorpal, Acc+∞ SInv}
     0 | D        | Found the +10 dark maul {vorpal}
     0 | D        | Found the +15 Maxwell's patent armour {-Cast -Tele rElec
                  | Will+ rCorr}
     0 | D        | Found the +18 shield of the Gong {rElec rN+ Will+ EV-5}
     0 | D        | Found the +14 obsidian axe {vorpal, Mesm Drain Fly SInv}
     0 | D        | Found the +7 great mace "Firestarter" {inner flame, rF++}
     0 | D        | Found the +6 shillelagh "Devastator" {shatter}
     0 | D        | Found the +11 plutonium sword {Contam Stlth-}
     0 | D        | Found the +8 lance "Wyrmbane" {slay drac, rPois rF+ rC+
                  | AC+3}
     0 | D        | Found the +9 sword of Zonguldrok {reap}
     0 | D        | Found the +13 scythe of Curses {drain, Drain}
     0 | D        | Found the +5 sword of Power {vorpal}
     0 | D        | Found the +7 mace of Variability {chain chaos}
     0 | D        | Found the +7 Singing Sword {vorpal, sonic wave}
     0 | D        | Found the +8 storm bow {elec, penet}
     2 | D        | Found a transporter.
     2 | D        | Found an ancient bone altar of Kikubaaqudgha.
     2 | D        | Found a viscous altar of Jiyva.
     2 | D        | Found a corrupted altar of Lugonu.
     2 | D        | Found a hazy altar of Hepliaklqana.
     2 | D        | Found a burning altar of Makhleb.
     2 | D        | Found an opulent altar of Gozag.
   114 | D        | Became a worshipper of Uskayaw the Reveller
   168 | D        | Reached skill level 7 in Fighting
   168 | D        | Reached XP level 2. HP: 34/34 MP: 1/1
   173 | D        | Entered arena 2.
   173 | D        | Noticed a water moccasin
   173 | D        | Found a transporter.
   176 | D        | Killed a water moccasin
   176 | D        | Reached * piety under Uskayaw
   176 | D        | Reached ** piety under Uskayaw
   177 | D        | Reached skill level 8 in Fighting
   177 | D        | Reached skill level 5 in Axes
   177 | D        | Reached skill level 5 in Armour
   177 | D        | Reached skill level 5 in Shields
   177 | D        | Reached XP level 3. HP: 35/41 MP: 2/2
   177 | D        | Reached XP level 4. HP: 42/49 MP: 3/3
   223 | D        | Got the amulet of Bodily Harmony {Faith Regen+}
   232 | D        | Entered arena 3.
   232 | D        | Found the +7 lajatang of Order {silver, rMut}
   232 | D        | Found a transporter.
   236 | D        | Reached skill level 9 in Fighting
   236 | D        | Reached XP level 5. HP: 49/57 MP: 4/4
   238 | D        | Reached *** piety under Uskayaw
   239 | D        | Reached skill level 10 in Fighting
   259 | D        | Entered arena 4.
   259 | D        | Found the necklace of Bloodlust {*Rage Will++ Int-3 Slay+6}
   259 | D        | Noticed a brown ugly thing
   259 | D        | Noticed a green ugly thing
   259 | D        | Noticed a tengu
   259 | D        | Found a transporter.
   261 | D        | Noticed a water moccasin
   261 | D        | a scorpion changed into a water moccasin
   262 | D        | Reached **** piety under Uskayaw
   263 | D        | Killed a water moccasin
   263 | D        | Killed a tengu
   263 | D        | Killed a brown ugly thing
   264 | D        | Reached skill level 10 in Armour
   264 | D        | Reached skill level 10 in Dodging
   264 | D        | Reached skill level 11 in Fighting
   264 | D        | Reached XP level 6. HP: 50/69 MP: 5/5
   264 | D        | Reached XP level 7. HP: 55/75 MP: 6/6
   265 | D        | Killed a green ugly thing
   265 | D        | Reached ***** piety under Uskayaw
   266 | D        | Reached skill level 14 in Fighting
   266 | D        | Reached XP level 8. HP: 69/89 MP: 7/7
   308 | D        | Entered arena 5.
   308 | D        | Noticed a slime creature
   308 | D        | Found a transporter.
   313 | D        | Killed a slime creature
   314 | D        | Reached skill level 15 in Fighting
   320 | D        | Got the ring of Upsukkea {rF+ rC+ Will+ Str-4 Stlth+}
   327 | D        | Entered arena 6.
   327 | D        | Found a transporter.
   343 | D        | Entered arena 7.
   343 | D        | Noticed a deep elf zephyrmancer
   343 | D        | Noticed a deep elf pyromancer
   343 | D        | Noticed a deep elf pyromancer
   343 | D        | Noticed a deep elf knight
   343 | D        | Noticed an air elemental
   343 | D        | Noticed a deep elf pyromancer
   345 | D        | Paralysed by an air elemental for 1 turns
   349 | D        | Killed an air elemental
   353 | D        | Killed a deep elf pyromancer
   354 | D        | Reached XP level 9. HP: 39/97 MP: 8/8
   358 | D        | HP: 5/145 [something/shard of ice (15)]
   361 | D        | Slain by a fire elemental

Illustrated notes

Levels and vault maps discovered:
D:        sprint_v [room_start, room_1, room_2, room_3, room_4, room_5, room_6,
          room_7, room_8, room_9, room_10, room_11, room_12, room_13, room_14,
          room_15, room_16, room_17, room_18, room_19, room_20, room_21,
          room_22, room_23, room_24, room_25, room_26, room_27]

Skill      XL: |  1  2  3  4  5  6  7  8 |
---------------+-------------------------+-----
Fighting       | 7 8 9 11 14 15 | 15.0
Evocations     | 4 |  4.5
Axes           | 5 |  5.1
Armour         | 5 10 14 | 14.1
Shields        | 5 |  5.8
Dodging        | 10 | 10.0

Action                   |  1- 3 |  4- 6 |  7- 9 || total
-------------------------+-------+-------+-------++-------
Melee: Great mace        |     3 |     4 |       ||     7
       Headbutt          |       |     1 |     4 ||     5
       Lajatang          |       |       |    20 ||    20
Evoke: Lightning rod     |       |     4 |     4 ||     8
  Use: Potion            |     1 |       |       ||     1
       Scroll            |       |       |     1 ||     1
 Stab: Paralysed         |       |       |     1 ||     1
Armor: Crystal plate arm |     4 |     5 |    37 ||    46
Dodge: Dodged            |       |     1 |    12 ||    13

Table legend: (Time is in decaauts)
 A = Elapsed time spent in this place.
 B = Non-inter-level travel time spent in this place.
 C = Inter-level travel time spent in this place.
 D = Time resting spent in this place.
 E = Time spent auto-exploring this place.
 F = Levels seen in this place.
 G = Mean time per level.
                   A        B        C        D        E       F      G
               +--------+--------+--------+--------+--------+-----+--------+
         Total |    365 |    365 |      0 |      0 |    113 |   1 |  365.0 |
       Dungeon |    365 |    365 |      0 |      0 |    113 |   1 |  365.0 |
               +--------+--------+--------+--------+--------+-----+--------+

Top non-repeatable levels by time:
       D: 365 daAuts
